AoeStats
← MUNIZ.JR. BR

Arena

508563240Analyzed
2v2 RM · 9d ago on Sep 23, 2026· 55m 10s· 4 players
Game mode
Random Map
Map size
Medium (4 player)
Population
200
Speed
Normal
Resources
Standard
Victory
Conquest
Starting age
Dark Age
Ending age
Imperial Age
RankedLock teamsTeams togetherTeam positionsShared explorationLock speedFull tech treeHidden civsTurbo modeCheats
Victory
Defeat
🇨🇦 Cumans · Canada
1301
+12
🇨🇦 Armenians · Canada
1181
+24
🇧🇷 Aztecs · Brazil
1206
-14
🇧🇷 Bohemians · Brazil
1206
-14
MUNIZ.JR. BR
10:08 Feudal Age
12:08 Loom
14:54 Castle Age
29:20 Double-Bit Axe
33:25 Chemistry
32:45 Ballistics
36:16 Fletching
39:37 Bodkin Arrow
39:42 Padded Archer Armor
40:30 Wheelbarrow
39:41 Town Watch
45:41 Imperial Age
45:06 Scale Barding Armor
45:12 Forging
45:47 Husbandry
46:20 Chain Barding Armor
45:53 Cavalier
Caveirose
11:08 Feudal Age
15:31 Castle Age
16:22 Forging
17:15 Double-Bit Axe
18:10 Sanctity
20:51 Redemption
21:41 Gold Mining
22:09 Scale Mail Armor
25:46 Wheelbarrow
25:45 Fervor
31:14 Chain Mail Armor
32:19 Bow Saw
32:15 Loom
34:41 Iron Casting
36:40 Imperial Age
33:57 Loom
34:15 Eagle Warrior
37:43 Iron Casting
38:39 Horse Collar
39:23 Loom
39:44 Squires
41:33 Chemistry
42:20 Conscription
44:54 Heavy Plow
45:54 Pikeman
48:09 Elite Skirmisher
49:35 Block Printing
50:21 Fletching
51:04 Plate Mail Armor
51:38 Bodkin Arrow
MocoLoco
10:01 Feudal Age
10:20 Loom
10:39 Double-Bit Axe
12:00 Horse Collar
25:20 Wheelbarrow
29:55 Castle Age
28:05 Stone Mining
28:15 Fletching
29:03 Bloodlines
29:13 Gold Mining
29:32 Padded Archer Armor
30:45 Bodkin Arrow
35:28 Ballistics
37:15 Bow Saw
40:11 Imperial Age
40:19 Thumb Ring
41:17 Leather Archer Armor
42:05 Chemistry
40:30 Onager
42:57 Capped Ram
45:14 Two-Man Saw
44:27 Heavy Cavalry Archer
45:55 Parthian Tactics
46:08 Scale Barding Armor
46:14 Forging
46:42 Light Cavalry
47:57 Conscription
47:41 Hussar
48:44 Chain Barding Armor
48:54 Heavy Plow
51:28 Plate Barding Armor
51:41 Masonry
53:24 Iron Casting
53:06 Hand Cart
52:36 Town Watch
52:13 Cavalier
54:03 Elite Steppe Lancer
54:20 Siege Ram
ScipioAfricanus
7:52 Loom
10:00 Feudal Age
11:44 Double-Bit Axe
13:08 Man-at-Arms
13:51 Long Swordsman
15:14 Scale Mail Armor
15:21 Horse Collar
20:48 Gold Mining
27:29 Castle Age
29:30 Fletching
30:45 Bow Saw
30:37 Heavy Plow
32:01 Bloodlines
31:52 Husbandry
31:13 Light Cavalry
32:45 Scale Barding Armor
33:35 Wheelbarrow
38:56 Chain Barding Armor
38:46 Forging
41:15 Iron Casting
43:51 Hand Cart
52:17 Imperial Age
53:04 Cavalier
56:10 Blast Furnace
Connection lost

Rejoining the realm…

Still unreachable

The connection could not be restored.

Session expired

The server has moved on; the page needs a fresh start.